 Dungeon Crawl Stone Soup version 0.30-a0-634-g8abc85282e (webtiles) character file.

Game seed: 714879015256152026

1776 experimilk the Destroyer (level 8, -1/57 HPs)
             Began as a Purple Draconian Conjurer on Jan 14, 2023.
             Was an Initiate of Dithmenos.
             Succumbed to a kobold's poison
             ... on level 5 of the Dungeon.
             The game lasted 00:15:16 (8207 turns).

experimilk the Destroyer (DrCj)                     Turns: 8207, Time: 00:15:17

Health: -1/57      AC: 12    Str: 10    XL:     8   Next: 81%
Magic:  3/15       EV: 12    Int: 21    God:    Dithmenos [......]
Gold:   203        SH:  0    Dex: 15    Spells: 7/17 levels left

rFire   . . .      SeeInvis .    e - +2 dagger (speed)
rCold   . . .      Faith    .    (no shield)
rNeg    . . .      Spirit   .    (body armour unavailable)
rPois   .          Reflect  .    b - +2 hat {Will+}
rElec   .          Harm     .    u - +0 cloak
rCorr   .          Rampage  .    q - +1 pair of gloves
Will    ++...                    m - +0 pair of boots
Stlth   +++                      (no amulet)
HPRegen 0.29/turn                r - +6 ring of dexterity
MPRegen 0.14/turn                s - ring of wizardry

@: lethally poisoned (-1 -> -30), slowed, very slow
A: breathe power, AC +6, unfitting armour, cold-blooded
a: Breathe Dispelling Energy, Renounce Religion


You were on level 5 of the Dungeon.
You worshipped Dithmenos.
Dithmenos was noncommittal.
You visited 2 branches of the dungeon, and saw 7 of its levels.

You collected 203 gold pieces.

Inventory:

Hand Weapons
 e - a +2 dagger of speed (weapon)
Armour
 b - a +2 hat of willpower (worn)
 m - a +0 pair of boots (worn)
 q - a +1 pair of gloves (worn)
 u - a +0 cloak (worn)
Jewellery
 r - a +6 ring of dexterity (left hand)
 s - a ring of wizardry (right hand)
 z - a ring of wizardry
 C - a ring of see invisible
Wands
 p - a wand of roots (8)
 t - a wand of flame (17)
 D - a wand of polymorph (6)
Scrolls
 c - 2 scrolls of poison
 v - 2 scrolls of immolation {unknown}
 w - 2 scrolls of enchant armour
 x - a scroll of summoning {unknown}
 y - a scroll of teleportation {unknown}
 A - a scroll of blinking {unknown}
Potions
 a - 2 potions of magic
 d - 3 potions of flight {unknown}
 f - 4 potions of curing
 g - a potion of might {unknown}
 h - a potion of cancellation {unknown}
 i - a potion of degeneration {unknown}
 j - 2 potions of haste
 k - a potion of lignification {unknown}
 l - a potion of attraction {unknown}
 n - a potion of invisibility {unknown}
 o - 3 potions of heal wounds
 B - 2 potions of brilliance {unknown}


   Skills:
 - Level 1.7 Dodging
 + Level 4.4 Stealth
 - Level 5.0 Spellcasting
 * Level 10.2 Conjurations
 - Level 3.0 Hexes


You had 7 spell levels left.
You knew the following spells:

 Your Spells              Type           Power      Damage    Failure   Level
a - Magic Dart            Conj           100%       1d8       1%          1
c - Fulminant Prism       Conj/Hex       16%        3d11      2%          4
x - Dazzling Flash        Conj/Hex       66%        N/A       1%          3
z - Searing Ray           Conj           96%        2d7       1%          2

Your spell library contained the following spells:

 Spells                   Type           Power      Damage    Failure   Level
 Iskenderun's Mystic Bla  Conj/Tloc      26%        2d7       5%          4
 Sticky Flame             Conj/Fire      26%        2d5       5%          4
 Ignite Poison            Fire/Tmut/Pois 5%         N/A       13%         3
 Summon Ice Beast         Ice/Summ       5%         N/A       38%         4
 Summon Mana Viper        Hex/Summ       11%        N/A       52%         5
 Monstrous Menagerie      Summ           2%         N/A       100%        7
 Ignition                 Fire           2%         3d3       100%        8


Dungeon Overview and Level Annotations

Branches:
Dungeon (6/15)             Temple (1/1) D:5

Altars:
Ashenzari
Cheibriados
Dithmenos
Elyvilon
Fedhas
Gozag
Hepliaklqana
Kikubaaqudgha
Makhleb
Nemelex Xobeh
Okawaru
Qazlal
Ru
Sif Muna
Trog
Uskayaw
Vehumet
Wu Jian
Xom
Zin
The Shining One

Shops:
D:2 [

Annotations:
D:6 Pikel


Innate Abilities, Weirdness & Mutations

You can breathe bolts of dispelling energy.
Your rich purple scales are hard. (AC +6)
You cannot fit into any form of body armour.
You are cold-blooded and may be slowed by cold attacks.


Message History

The water moccasin is moderately wounded.
You feel very sick.
The water moccasin bites you but does no damage.
The searing ray hits the water moccasin.
The water moccasin is heavily wounded.
You feel sick. The water moccasin barely misses you.
The searing ray hits the water moccasin!
The water moccasin is almost dead.
You finish channelling your searing ray.
You feel sick.
The water moccasin bites you but does no damage.
The water moccasin bites you.
You are more poisoned.
The water moccasin poisons you!
Casting: Searing Ray (safe; 1% risk of failure)
Confirm with . or Enter, or press ? or * to list all spells.
Aiming: Searing Ray (safe; 1% risk of failure)
Press: ? - help, Shift-Dir - straight line, f/p - water moccasin
Aim: a water moccasin (almost dead, 70% to hit)
The searing ray misses the water moccasin. (Press . to maintain the ray.)
You feel very sick.
The water moccasin bites you but does no damage.
The searing ray hits the water moccasin!
You kill the water moccasin!
Dithmenos accepts your kill.
You feel very sick.
The kobold brigand throws a curare-tipped dart.
The curare-tipped dart hits you.
You are more poisoned.
You have difficulty breathing.
You feel yourself slow down.
You feel extremely sick.
The kobold throws a poisoned dart.
The poisoned dart hits you!
You are lethally poisoned!
* * * LOW HITPOINT WARNING * * *
You feel extremely sick.
The kobold throws a poisoned dart.
The poisoned dart hits you!
You are more poisoned.
You climb upwards.
You die...

######...# #.# # ###.##
#.# # #..## #.# # ##..##
#.# # ##..###.#### #
#..........# #
#..........###### #
#...............# #
#.......@..####.# #
#........)......# #
#...P....#####..# #
#..~~~~..#)☼.#..#
#...P....#...#..#
#.P~~~~..##'##..#
#########..P.PP........##
.....)))...............#
########.............###


There were no monsters in sight!

Vanquished Creatures
  Sigmund (D:4)
  Eustachio (D:4)
  2 water moccasins
  An ice beast (D:5)
  A black bear (D:5)
  An ogre (D:5)
  A lemure (D:6)
  A centaur (D:6)
  A phantom (D:5)
  A bullfrog (D:6)
  3 scorpions
  5 hounds
  An orc priest (D:6)
  A jelly (D:6)
  Crazy Yiuf (D:2)
  2 iguanas
  Jessica (D:2)
  Natasha (thrice) (D:2)
  An orc wizard (D:6)
  Robin (D:4)
  3 gnolls (D:5)
  2 adders
  2 shadow imps (D:6)
  A white imp (D:5)
  2 worms (D:2)
  3 dart slugs
  19 orcs
  7 bats
  2 giant cockroaches
  14 goblins
  11 hobgoblins
  6 jackals
  6 kobolds
  3 quokkas
  3 ball pythons
  3 frilled lizards
  7 rats
124 creatures vanquished.

Vanquished Creatures (others)
  8 fulminant prisms
  3 fungi (D:5)
11 creatures vanquished.

Grand Total: 135 creatures vanquished

Notes
Turn   | Place    | Note
-------+----------+-------------------------------------------
     0 | D:1      | experimilk the Draconian Conjurer began the quest for the
                  | Orb.
     0 | D:1      | Reached XP level 1. HP: 14/14 MP: 3/3
   212 | D:1      | Reached XP level 2. HP: 20/20 MP: 3/5
   215 | D:1      | Learned a level 2 spell: Searing Ray
   651 | D:1      | You fall into a shaft and drop 1 floor!
   651 | D:2      | Found Oschaij's Antique Armour Shop.
  1102 | D:2      | Found a faded altar of an unknown god.
  1218 | D:2      | Reached XP level 3. HP: 26/26 MP: 3/6
  1257 | D:2      | Noticed Natasha
  1260 | D:2      | Killed Natasha
  1261 | D:2      | Reached skill level 5 in Conjurations
  1367 | D:2      | Found an ancient bone altar of Kikubaaqudgha.
  1536 | D:2      | Reached XP level 4. HP: 33/33 MP: 4/8
  1651 | D:2      | Noticed Jessica
  1656 | D:2      | Killed Jessica
  2042 | D:2      | Noticed Natasha
  2047 | D:2      | Killed Natasha
  2103 | D:2      | Noticed Natasha
  2110 | D:2      | Killed Natasha
  2111 | D:2      | Reached XP level 5. HP: 31/38 MP: 2/9
  2236 | D:2      | Found a runed translucent door.
  2237 | D:2      | Noticed Crazy Yiuf
  2424 | D:2      | Killed Crazy Yiuf
  2425 | D:2      | Reached skill level 6 in Conjurations
  2987 | D:3      | Reached XP level 6. HP: 45/45 MP: 3/10
  3498 | D:4      | Noticed Sigmund
  3498 | D:4      | Found a bloodstained altar of Trog.
  3614 | D:4      | Found a glowing silver altar of Zin.
  3631 | D:4      | Reached skill level 7 in Conjurations
  3917 | D:4      | Killed Sigmund
  4119 | D:4      | Noticed Robin
  4126 | D:4      | Killed Robin
  4741 | D:4      | Noticed Eustachio
  4827 | D:4      | Your scales start taking on a rich purple colour.
  4827 | D:4      | Reached XP level 7. HP: 50/50 MP: 11/13
  4889 | D:4      | Learned a level 3 spell: Dazzling Flash
  4894 | D:4      | Learned a level 4 spell: Fulminant Prism
  4960 | D:4      | Killed Eustachio
  4961 | D:4      | Reached skill level 8 in Conjurations
  5658 | D:5      | Entered Level 5 of the Dungeon
  5817 | D:5      | Reached skill level 5 in Spellcasting
  6216 | D:5      | Reached skill level 9 in Conjurations
  6216 | D:5      | Reached XP level 8. HP: 57/57 MP: 9/15
  6291 | D:5      | Reached skill level 1 in Hexes
  6854 | D:5      | Found a staircase to the Ecumenical Temple.
  6892 | Temple   | Entered the Ecumenical Temple
  6930 | Temple   | Became a worshipper of Dithmenos the Shadowed
  7263 | D:6      | Noticed Pikel
  8200 | D:6      | Reached skill level 10 in Conjurations
  8207 | D:5      | Succumbed to a kobold's poison

Illustrated notes

Levels and vault maps discovered:
D:1:      minmay_arrival_wavy_path, layout_basic, st_stairs_6
D:2:      layout_loops_ring, nicolae_ecumenical_oubliette, basic_altar,
          serial_shops, shop_statue, minmay_distorted, uniq_natasha,
          uniq_jessica, uniq_crazy_yiuf_cottage
D:3:      layout_loops_ring
D:4:      layout_layer_cave, grunt_temple_overflow_open, uniq_sigmund,
          uniq_robin, uniq_eustachio
D:5:      layout_basic, minmay_temple_entry_drinking_statues,
          dreamdust_gnoll_farm
D:6:      layout_basic, uniq_pikel
Temple:   hellmonk_temple_of_storms

Skill      XL: |  1  2  3  4  5  6  7  8 |
---------------+-------------------------+-----
Conjurations   | 5 6 7 9 10 | 10.2
Spellcasting   | 3 4 5 |  5.0
Stealth        | 3 4 |  4.4
Hexes          | 3 |  3.0
Dodging        | |  1.7

Action                   |  1- 3 |  4- 6 |  7- 9 || total
-------------------------+-------+-------+-------++-------
Melee: Unarmed           |    13 |       |       ||    13
       Tailslap          |     9 |     2 |    14 ||    25
       Dagger            |    17 |    11 |    76 ||   104
 Cast: Magic Dart        |    57 |    68 |    32 ||   157
       Searing Ray       |     3 |    16 |    25 ||    44
       Dazzling Flash    |       |       |     5 ||     5
       Fulminant Prism   |       |       |     8 ||     8
 Abil: Breathe Dispellin |       |       |     5 ||     5
  Use: Scroll            |       |     3 |     1 ||     4
 Stab: Invisible         |       |       |     1 ||     1
       Sleeping          |       |       |     1 ||     1
Armor: Skin              |    15 |    22 |    46 ||    83
Dodge: Dodged            |    15 |    29 |    56 ||   100

Table legend: (Time is in decaauts)
 A = Elapsed time spent in this place.
 B = Non-inter-level travel time spent in this place.
 C = Inter-level travel time spent in this place.
 D = Time resting spent in this place.
 E = Time spent auto-exploring this place.
 F = Levels seen in this place.
 G = Mean time per level.
                   A        B        C        D        E       F      G
               +--------+--------+--------+--------+--------+-----+--------+
         Total |   8172 |   7703 |    469 |   1738 |   5151 |   7 | 1167.4 |
       Dungeon |   8121 |   7661 |    460 |   1738 |   5133 |   6 | 1353.5 |
        Temple |     51 |     42 |      9 |      0 |     18 |   1 |   51.0 |
               +--------+--------+--------+--------+--------+-----+--------+

Top non-repeatable levels by time:
     D:5: 2180 daAuts
     D:4: 1837 daAuts
     D:2: 1393 daAuts
     D:3: 1351 daAuts
     D:1: 1063 daAuts
     D:6: 295 daAuts
  Temple: 51 daAuts
